 Dungeon Crawl Stone Soup version 0.28-a0-1206-g193881aaa2 (webtiles) character file.

Game seed: 2545993001029506334

81 ytrimaz the Charlatan (level 4, -4/32 HPs)
             Began as a Gnoll Wanderer on Dec 20, 2021.
             Killed by nerve-wracking pain
             ... invoked by Jessica
              (14 damage)
             ... on level 2 of the Dungeon.
             The game lasted 00:02:05 (1630 turns).

ytrimaz the Charlatan (Gnoll Wanderer)              Turns: 1630, Time: 00:02:05

Health: -4/32      AC:  4    Str: 12    XL:     4   Next: 42%
Magic:  11/11      EV: 14    Int:  9    God:
Gold:   101        SH:  0    Dex: 15    Spells: 13/13 levels left

rFire   . . .      SeeInvis .   j - +0 mace (holy)
rCold   . . .      Faith    .   (no shield)
rNeg    . . .      Spirit   .   d - +0 robe
rPois   .          Reflect  .   (no helmet)
rElec   .          Harm     .   c - +1 cloak
rCorr   .          Rampage  .   (no gloves)
Will    .....                   (no boots)
Stlth   ++........              g - amulet of regeneration
HPRegen 0.90/turn               (no ring)
MPRegen 0.12/turn               (no ring)

@: no status effects
A: fangs 1, strong nose, distributed training
a: no special abilities


You were on level 2 of the Dungeon.
You visited 1 branch of the dungeon, and saw 2 of its levels.

You collected 101 gold pieces.

Inventory:

Hand Weapons
 j - a +0 mace of holy wrath (weapon)
Armour
 c - a +1 cloak (worn)
 d - a +0 robe (worn)
Jewellery
 g - an amulet of regeneration (around neck)
Wands
 b - a wand of flame (12) (quivered)
Scrolls
 a - a scroll of fear {unknown}
Potions
 e - a potion of invisibility
 f - 2 potions of lignification
 h - a potion of cancellation {unknown}
 i - a potion of mutation {unknown}


   Skills:
 + Level 1.1 Fighting
 + Level 1.1 Short Blades
 + Level 1.1 Long Blades
 + Level 1.1 Axes
 + Level 1.1 Maces & Flails
 + Level 4.6 Polearms
 + Level 1.1 Staves
 + Level 1.1 Slings
 + Level 1.1 Bows
 + Level 1.1 Crossbows
 + Level 2.7 Throwing
 + Level 1.1 Armour
 + Level 4.6 Dodging
 + Level 1.1 Stealth
 + Level 1.1 Shields
 + Level 1.1 Unarmed Combat
 + Level 5.1 Spellcasting
 + Level 0.9 Conjurations
 + Level 0.9 Hexes
 + Level 0.9 Summonings
 + Level 0.9 Necromancy
 + Level 0.9 Translocations
 + Level 0.9 Transmutations
 + Level 0.9 Fire Magic
 + Level 0.9 Ice Magic
 + Level 0.9 Air Magic
 + Level 0.9 Earth Magic
 + Level 0.9 Poison Magic
 + Level 1.2 Invocations
 + Level 6.6 Evocations


You had 13 spell levels left.
You didn't know any spells.
Your spell library was empty.

Dungeon Overview and Level Annotations

Branches:
Dungeon (2/15)

Altars:

Annotations:
D:2 Jessica


Innate Abilities, Weirdness & Mutations

You have very sharp teeth.
Your uncanny sense of smell can sniff out nearby items.
Your experience applies equally to all skills.


Message History

Unknown command.
You closely miss Jessica.
Jessica is severely wounded.
Jessica barely misses you. Jessica closely misses you.
Jessica gestures wildly.
Jessica gestures at you while chanting. You resist with some effort.
You closely miss Jessica.
Jessica is severely wounded.
Jessica closely misses you.
Jessica gestures wildly while chanting.
Jessica blinks!
Jessica points at you and mumbles some strange words.
Pain shoots through your body! Jessica casts a spell at you.
Pain shoots through your body! Jessica barely misses you.
You barely miss Jessica.
Jessica is severely wounded.
Jessica misses you. Jessica hits you with a +0 club.
Jessica casts a spell.
Jessica blinks!
You barely miss Jessica. You bite Jessica, but do no damage.
Jessica is severely wounded.
Jessica casts a spell at you. Pain shoots through your body!
Jessica hits you with a +0 club. Jessica barely misses you.
You are too injured to fight recklessly!
You are too injured to fight recklessly!
You closely miss Jessica.
Jessica is severely wounded.
You feel yourself speed up. Jessica hits you with a +0 club. x2
* * * LOW HITPOINT WARNING * * *
Jessica barely misses you.
You closely miss Jessica.
Jessica is severely wounded.
Jessica barely misses you. Jessica casts a spell at you.
Pain shoots through your body!
You die...

## #. ##.########
#####.........#
#....?........#
.###.........#
........@.....#
..######@.############
#...#..# #.....#
.#......######.###.####
.............##...#(....
..#.....)....####.#..##.
#.###........>).†..##.
#. #......####†...##. #
#........##...####
###......##...#


You could see Jessica (fast).

Vanquished Creatures
  3 adders (D:2)
  A worm (D:2)
  A dart slug (D:2)
  4 endoplasms (D:1)
  A giant cockroach (D:1)
  5 goblins
  6 hobgoblins
  3 jackals (D:1)
  8 kobolds
  7 ball pythons
  5 bats
  4 frilled lizards
48 creatures vanquished.

Vanquished Creatures (others)
  3 fungi (D:1)
  A plant (D:1)
4 creatures vanquished.

Grand Total: 52 creatures vanquished

Notes
Turn   | Place    | Note
-------+----------+-------------------------------------------
     0 | D:1      | ytrimaz the Gnoll Wanderer began the quest for the Orb.
     0 | D:1      | ytrimaz set off with the following items: a +0 spear, a
                  | wand of flame (13), a +0 cloak, a +0 robe
     0 | D:1      | Reached XP level 1. HP: 13/13 MP: 6/6
   400 | D:1      | Reached XP level 2. HP: 15/19 MP: 7/7
   545 | D:1      | Found a faded altar of an unknown god.
   922 | D:1      | Reached XP level 3. HP: 17/25 MP: 9/9
   933 | D:1      | Reached skill level 5 in Spellcasting
  1244 | D:2      | Reached skill level 1 in Invocations
  1317 | D:2      | Reached skill level 1 in Fighting
  1317 | D:2      | Reached skill level 1 in Short Blades
  1317 | D:2      | Reached skill level 1 in Long Blades
  1317 | D:2      | Reached skill level 1 in Axes
  1317 | D:2      | Reached skill level 1 in Maces & Flails
  1317 | D:2      | Reached skill level 1 in Staves
  1317 | D:2      | Reached skill level 1 in Slings
  1317 | D:2      | Reached skill level 1 in Bows
  1317 | D:2      | Reached skill level 1 in Crossbows
  1317 | D:2      | Reached skill level 1 in Armour
  1317 | D:2      | Reached skill level 1 in Stealth
  1317 | D:2      | Reached skill level 1 in Shields
  1317 | D:2      | Reached skill level 1 in Unarmed Combat
  1370 | D:2      | Reached XP level 4. HP: 31/32 MP: 11/11
  1603 | D:2      | Noticed Jessica
  1630 | D:2      | Killed from afar by Jessica

Illustrated notes

Levels and vault maps discovered:
D:1:      giann_bridges, layout_loops_corners,
          shapermc_ecumenical_altar_mp_urbaneastern
D:2:      layout_basic, uniq_jessica

Skill      XL: |  1  2  3 |
---------------+----------+-----
Spellcasting   | 5 |  5.1
Invocations    | 1 |  1.2
Fighting       | 1 |  1.1
Short Blades   | 1 |  1.1
Long Blades    | 1 |  1.1
Axes           | 1 |  1.1
Maces & Flails | 1 |  1.1
Staves         | 1 |  1.1
Slings         | 1 |  1.1
Bows           | 1 |  1.1
Crossbows      | 1 |  1.1
Armour         | 1 |  1.1
Stealth        | 1 |  1.1
Shields        | 1 |  1.1
Unarmed Combat | 1 |  1.1
Polearms       | |  4.6
Throwing       | |  2.7
Dodging        | |  4.6
Conjurations   | |  0.9
Hexes          | |  0.9
Summonings     | |  0.9
Necromancy     | |  0.9
Translocations | |  0.9
Transmutations | |  0.9
Fire Magic     | |  0.9
Ice Magic      | |  0.9
Air Magic      | |  0.9
Earth Magic    | |  0.9
Poison Magic   | |  0.9
Evocations     | |  6.6

Action                   |  1- 3 |  4- 6 || total
-------------------------+-------+-------++-------
Melee: Spear             |   143 |       ||   143
       Bite              |    12 |     7 ||    19
       Mace              |    11 |    62 ||    73
Evoke: Wand              |     1 |       ||     1
  Use: Scroll            |     3 |     1 ||     4
 Stab: Sleeping          |     3 |       ||     3
Armor: Robe              |    28 |    22 ||    50
Dodge: Dodged            |   123 |    69 ||   192

Table legend: (Time is in decaauts)
 A = Elapsed time spent in this place.
 B = Non-inter-level travel time spent in this place.
 C = Inter-level travel time spent in this place.
 D = Time resting spent in this place.
 E = Time spent auto-exploring this place.
 F = Levels seen in this place.
 G = Mean time per level.
                   A        B        C        D        E       F      G
               +--------+--------+--------+--------+--------+-----+--------+
         Total |   1651 |   1629 |     22 |      0 |   1164 |   2 |  825.5 |
       Dungeon |   1651 |   1629 |     22 |      0 |   1164 |   2 |  825.5 |
               +--------+--------+--------+--------+--------+-----+--------+

Top non-repeatable levels by time:
     D:1: 1212 daAuts
     D:2: 439 daAuts
